 Dungeon Crawl Stone Soup version 0.29-a0-380-gf50f0a9fbc (webtiles) character file.

Game seed: 10665103397821879225

1143 ryw the Chopper (level 8, -7/53 (60) HPs)
             Began as a Demonspawn Monk on May 5, 2022.
             Mangled by a wight
             ... wielding a +0 falchion
              (11 damage)
             ... on level 6 of the Dungeon.
             The game lasted 00:09:47 (4375 turns).

ryw the Chopper (Demonspawn Monk)                   Turns: 4375, Time: 00:09:48

HP:   -7/53 (60)    AC:  8    Str: 14    XL:     8   Next: 15%
MP:   8/8           EV: 12    Int: 12    God:
Gold: 350           SH:  0    Dex: 15    Spells: 7/7 levels left

rFire   . . .      SeeInvis .   a - +6 executioner's axe (flame)
rCold   . . .      Faith    .   (shield currently unavailable)
rNeg    . . .      Spirit   .   t - +2 robe {Will+}
rPois   +          Reflect  .   w - +0 helmet
rElec   .          Harm     .   (no cloak)
rCorr   +          Rampage  .   (no gloves)
Will    +....                   (no boots)
Stlth   ++........              j - amulet of regeneration
HPRegen 0.97/turn               q - ring of poison resistance
MPRegen 0.11/turn               s - ring of resist corrosion

@: heavily drained
A: molten scales 2, powered by death 1, demonic touch 1
a: no special abilities


You were on level 6 of the Dungeon.
You visited 1 branch of the dungeon, and saw 6 of its levels.
You also visited: Sewer.

You collected 350 gold pieces.

Inventory:

Hand Weapons
 a - a +6 executioner's axe of flaming (weapon)
 b - a +0 hunting sling of venom
Missiles
 g - 5 poisoned darts
 m - 172 stones (quivered)
 E - a throwing net
Armour
 t - a +2 robe of willpower (worn)
 w - a +0 helmet (worn)
Jewellery
 j - an amulet of regeneration (around neck)
 q - a ring of poison resistance (left hand)
 s - a ring of resist corrosion (right hand)
 B - a ring of protection from fire
Wands
 f - a wand of charming (12)
Scrolls
 d - a scroll of brand weapon
 h - 2 scrolls of fear
 i - 5 scrolls of identify
 p - a scroll of amnesia
 v - 2 scrolls of blinking
 y - a scroll of enchant armour
 z - 2 scrolls of teleportation
Potions
 c - 9 potions of curing
 e - a potion of might {unknown}
 k - a potion of brilliance {unknown}
 l - 2 potions of ambrosia
 o - a potion of experience {unknown}
 r - 4 potions of magic {unknown}
 u - 6 potions of flight
 A - 2 potions of lignification {unknown}
 C - 4 potions of attraction {unknown}
 D - a potion of mutation {unknown}
 F - a potion of berserk rage {unknown}


   Skills:
 - Level 4.1 Fighting
 * Level 6.7 Axes
 + Level 4.6 Armour
 - Level 2.6 Dodging
 - Level 1.7 Stealth
 - Level 2.6 Unarmed Combat


You had 7 spell levels left.
You didn't know any spells.
Your spell library contained the following spells:

 Spells                   Type           Power      Damage    Failure   Level
 Gell's Gravitas          Tloc           0%         N/A       69%         3
 Lesser Beckoning         Tloc           0%         N/A       69%         3
 Teleport Other           Tloc           0%         N/A       69%         3


Dungeon Overview and Level Annotations

Branches:
Dungeon (6/15)              Sewer (visited)
 Temple: D:4-7

Altars:
Dithmenos
Uskayaw


Innate Abilities, Weirdness & Mutations

You are mostly covered in molten scales. (AC +3)
You regenerate a little health from kills.
Your touch may inflict minor irresistible damage on your foes.


Message History

You destroy the wight!
You hit the wight. You burn the wight. The wight closely misses you.
The wight hits you with a +0 falchion!
The wight hits you from afar with a +0 halberd.
You feel drained. The wight misses you.
Unknown command.
You closely miss the wight.
The wight is severely damaged.
The wight closely misses you. The wight hits you but does no damage.
The wight hits you from afar with a +0 halberd!
The wight hits you but does no damage.
You hit the wight. You burn the wight.
The wight is almost destroyed.
The wight completely misses you.
The wight hits you from afar with a +0 halberd.
You closely miss the wight.
The wight is almost destroyed.
The wight hits you from afar with a +0 halberd!
The wight hits you with a +0 falchion.
* * * LOW HITPOINT WARNING * * *
The wight hits you from afar with a +0 halberd.
* * * LOW HITPOINT WARNING * * *
The wight hits you with a +0 falchion.
* * * LOW HITPOINT WARNING * * *
You are too injured to fight recklessly!
Unknown command.
You are too injured to fight recklessly!
You are too injured to fight recklessly!
Unknown command.
You closely miss the wight.
The wight is almost destroyed.
The wight misses you. The wight completely misses you.
You closely miss the wight.
The wight is almost destroyed.
The wight hits you from afar with a +0 halberd!
* * * LOW HITPOINT WARNING * * *
You feel drained.
* * * LOW HITPOINT WARNING * * *
The wight hits you with a +0 falchion!
You die...

..# #.........###
.## ##......###
...# .# ##...###
... .### #####
.^## ...## ##...#
....# ##....# ##
....## .z..##.(.
.....# #.)......
..#### ##@z..#
.....####
###..####
####....#####...##
####...##..###
###....##
###=.......
##....... #.......
#####...


You could see 2 wights.

Vanquished Creatures
  Sigmund (D:3)
  A black bear (D:4)
  An ice beast (D:5)
  A centaur (D:5)
  2 scorpions (D:5)
  2 wights (D:6)
  A hound (D:5)
  2 orc priests (D:5)
  3 jellies (D:5)
  2 orc wizards
  4 gnolls (D:5)
  11 adders
  3 river rats (Sewer)
  A shadow imp (D:5)
  A worm (D:3)
  2 dart slugs
  5 orcs
  16 ball pythons
  6 endoplasms
  3 giant cockroaches (D:2)
  4 goblins
  8 hobgoblins
  14 jackals
  3 kobolds
  5 quokkas
  9 bats
  5 frilled lizards
  7 rats
123 creatures vanquished.

Notes
Turn   | Place    | Note
-------+----------+-------------------------------------------
     0 | D:1      | ryw the Demonspawn Monk began the quest for the Orb.
     0 | D:1      | Reached XP level 1. HP: 18/18 MP: 1/1
   321 | D:1      | Found a faded altar of an unknown god.
   345 | D:1      | Gained mutation: You are partially covered in molten
                  | scales. (AC +2) [demonic ancestry]
   345 | D:1      | Reached XP level 2. HP: 24/24 MP: 2/2
  1248 | D:1      | Identified a scroll of acquirement
  1248 | D:1      | Acquired a +4 executioner's axe of flaming
  1267 | D:2      | Gained mutation: You are mostly covered in molten scales.
                  | (AC +3) [demonic ancestry]
  1267 | D:2      | Reached XP level 3. HP: 12/30 MP: 3/3
  1356 | D:2      | Reached skill level 1 in Axes
  1617 | D:2      | Reached skill level 1 in Armour
  1641 | D:2      | Gained mutation: You regenerate a little health from kills.
                  | [demonic ancestry]
  1641 | D:2      | Reached XP level 4. HP: 37/37 MP: 4/4
  1738 | D:3      | Noticed a +0 spear
  1738 | D:3      | Noticed a +0 dagger
  1738 | D:3      | Noticed a +0 falchion
  1738 | D:3      | Noticed a +0 short sword
  1739 | D:3      | Noticed a +0 falchion
  1739 | D:3      | Noticed a +0 dagger
  1760 | D:3      | Found a shadowy altar of Dithmenos.
  1919 | D:3      | Reached skill level 2 in Axes
  1998 | D:3      | Found a glowing drain.
  2027 | Sewer    | Entered a sewer
  2304 | Sewer    | Reached XP level 5. HP: 40/42 MP: 5/5
  2459 | Sewer    | Reached skill level 3 in Axes
  2811 | D:3      | Noticed a +0 spear
  2853 | D:3      | Noticed Sigmund
  3050 | D:3      | Noticed a +0 short sword
  3058 | D:3      | Found a hide-covered altar of Uskayaw.
  3104 | D:3      | Killed Sigmund
  3105 | D:3      | Reached skill level 4 in Axes
  3105 | D:3      | Reached XP level 6. HP: 47/48 MP: 6/6
  3647 | D:5      | Entered Level 5 of the Dungeon
  3660 | D:5      | Noticed an ice beast
  3663 | D:5      | Reached XP level 7. HP: 30/54 MP: 7/7
  3666 | D:5      | Reached skill level 5 in Axes
  3830 | D:5      | Reached skill level 6 in Axes
  3944 | D:5      | Gained mutation: Your touch may inflict minor irresistible
                  | damage on your foes. [demonic ancestry]
  3944 | D:5      | Reached XP level 8. HP: 60/60 MP: 8/8
  4375 | D:6      | Mangled by a wight

Illustrated notes

Levels and vault maps discovered:
D:1:      amcnicky_arrival_wind_blow, layout_rooms,
          ebering_ecumenical_altar_abandoned, hex_medium, dk_noncrumbling_4
D:2:      layout_rooms, small_statue_intersection
D:3:      layout_rooms, grunt_dithmenos_smoke_and_mirrors,
          nicolae_uskayaw_en_pointe, portal_sewer_entry_d, grunt_decor_junction,
          uniq_sigmund
D:4:      layout_basic
D:5:      layout_gridville
D:6:      layout_cave_pods, minmay_temple_entry_arrows,
          ebering_ghost_inner_flame

Skill      XL: |  1  2  3  4  5  6  7 |
---------------+----------------------+-----
Fighting       | 4 |  4.1
Axes           | 1 2 4 6 |  6.7
Armour         | 1 2 3 4 |  4.6
Dodging        | |  2.6
Stealth        | |  1.7
Unarmed Combat | |  2.6

Action                   |  1- 3 |  4- 6 |  7- 9 || total
-------------------------+-------+-------+-------++-------
Melee: Unarmed           |    83 |       |       ||    83
       Punch             |     3 |     3 |       ||     6
       Executioner's axe |    23 |    21 |    43 ||    87
       Hand axe          |    32 |   199 |       ||   231
 Fire: Hunting sling     |     1 |     3 |       ||     4
  Use: Scroll            |     4 |     6 |     1 ||    11
 Stab: Sleeping          |     3 |     2 |     3 ||     8
Armor: Robe              |    70 |   134 |    20 ||   224
Dodge: Dodged            |   102 |   236 |    39 ||   377

Table legend: (Time is in decaauts)
 A = Elapsed time spent in this place.
 B = Non-inter-level travel time spent in this place.
 C = Inter-level travel time spent in this place.
 D = Time resting spent in this place.
 E = Time spent auto-exploring this place.
 F = Levels seen in this place.
 G = Mean time per level.
                   A        B        C        D        E       F      G
               +--------+--------+--------+--------+--------+-----+--------+
         Total |   4636 |   4519 |    117 |    678 |   2613 |   7 |  662.3 |
       Dungeon |   3748 |   3631 |    117 |    555 |   2128 |   6 |  624.7 |
         Sewer |    888 |    888 |      0 |    123 |    485 |   1 |  888.0 |
               +--------+--------+--------+--------+--------+-----+--------+

Top non-repeatable levels by time:
     D:1: 1247 daAuts
   Sewer: 888 daAuts
     D:3: 700 daAuts
     D:5: 686 daAuts
     D:2: 614 daAuts
     D:4: 431 daAuts
     D:6: 68 daAuts
